 Dungeon Crawl Stone Soup version 0.32-a0-814-g0968bab981 (webtiles) character file.

Game seed: 17072177701010645814

19528 Fodor the Cleaver (level 12, -3/108 HPs)
             Began as a Minotaur Fighter on Mar 23, 2024.
             Was an Initiate of Gozag.
             Slain by a sixfirhy (4 damage)
             ... on level 13 of the Dungeon.
             The game lasted 00:49:01 (11399 turns).

Fodor the Cleaver (Minotaur Fighter)               Turns: 11399, Time: 00:49:03

Health: -3/108     AC: 17    Str: 25    XL:     12   Next: 37%
Magic:  11/11      EV: 14    Int:  9    God:    Gozag
Gold:   1860       SH:  5    Dex: 14    Spells: 11/11 levels left

rFire   + . .        w - +1 dire flail (heavy)
rCold   + . .        (shield currently unavailable)
rNeg    . . .        T - +3 chain mail {rC+}
rPois   .            (helmet restricted)
rElec   .            (no cloak)
rCorr   .            a - +1 pair of gloves "Doqy" {Regen+ Int+4 Dex+3 Stlth+}
SInv    .            (no boots)
Will    .....        q - amulet of reflection Stlth
                     K - ring of protection from fire
HPRegen 1.18/turn    P - +5 ring of evasion
MPRegen 0.12/turn

%: reflection
@: no status effects
A: horns 2, retaliatory headbutt
a: Renounce Religion, Potion Petition, Call Merchant, Bribe Branch


You were on level 13 of the Dungeon.
You worshipped Gozag.
Gozag was most pleased with you.
You visited 2 branches of the dungeon, and saw 14 of its levels.
You also visited: Ossuary.

You collected 2142 gold pieces.
You spent 173 gold pieces at shops.
You paid 109 gold pieces to Gozag.

Inventory:

Hand Weapons
 p - a +0 arbalest
 w - a +1 heavy dire flail (weapon)
 O - a +2 war axe
 Y - a +0 battleaxe
Armour
 a - the +1 pair of gloves "Doqy" (worn) {Regen+ Int+4 Dex+3 Stlth+}
   (You found it on level 4 of the Dungeon)

   Int+4:     It affects your intelligence (+4).
   Dex+3:     It affects your dexterity (+3).
   Regen+:    It increases your rate of health regeneration.
   Stlth+:    It makes you more stealthy.
 c - a +0 buckler
 G - a +0 plate armour
 T - a +3 chain mail of cold resistance (worn)
Jewellery
 i - an amulet of the acrobat
 q - an amulet of reflection (around neck)
 r - an amulet of guardian spirit
 I - a ring of positive energy
 K - a ring of protection from fire (left hand)
 P - a +5 ring of evasion (right hand)
 U - a ring of poison resistance
Talismans
 j - a maw talisman
Wands
 l - a wand of quicksilver (2)
 D - a wand of paralysis (15)
 Q - a wand of digging (13)
 R - a wand of mindburst (3)
 S - a wand of polymorph (1)
 W - a wand of flame (9)
Scrolls
 e - a scroll of blinking
 h - 3 scrolls of vulnerability
 n - a scroll of amnesia {unknown}
 u - 7 scrolls of fog
 x - a scroll of summoning {unknown}
 y - 2 scrolls of teleportation
 B - a scroll of brand weapon {unknown}
 E - a scroll of acquirement {unknown}
 F - 3 scrolls of fear
 J - a scroll of enchant weapon {unknown}
 L - 3 scrolls of noise
 M - 4 scrolls of immolation
 N - 2 scrolls of revelation
Potions
 d - 2 potions of might
 f - 5 potions of curing {unknown}
 g - 4 potions of invisibility {unknown}
 k - 7 potions of mutation
 m - 2 potions of magic {unknown}
 o - a potion of enlightenment {unknown}
 s - 3 potions of degeneration {unknown}
 v - 3 potions of haste {unknown}
 z - 3 potions of attraction {unknown}
 A - 5 potions of lignification
 C - 2 potions of brilliance {unknown}
 H - 2 potions of ambrosia {unknown}
 X - a potion of berserk rage {unknown}
Miscellaneous
 b - a condenser vane (inert)
 t - a phial of floods (inert)


   Skills:
 + Level 10.9 Fighting
 + Level 13.1(13.9) Axes
 + Level 7.5(11.3) Maces & Flails
 + Level 9.1 Ranged Weapons
 + Level 11.1 Armour
 + Level 3.6 Dodging
 + Level 2.1 Stealth
 + Level 7.4 Shields
 + Level 1.1 Evocations


You had 11 spell levels left.
You didn't know any spells.
Your spell library contained the following spells:

 Spells                   Type           Power      Damage    Failure   Level
 Necrotise                Necr           0%         1d4       83%         1
 Tukima's Dance           Hex            0%         N/A       99%         3
 Vampiric Draining        Necr           0%         2d6       99%         3
 Dimensional Bullseye     Hex/Tloc       0%         N/A       100%        4
 Iskenderun's Mystic Bla  Conj/Tloc      0%         2d3       100%        4
 Martyr's Knell           Necr/Summ      0%         N/A       100%        4
 Curse of Agony           Necr           0%         N/A       100%        5


Dungeon Overview and Level Annotations

Branches:
Dungeon (13/15)            Temple (1/1) D:7            Lair (0/5) D:11
    Orc (0/2) D:12        Ossuary (visited)
 Vaults: D:13-14

Altars:
Ashenzari
Cheibriados
Dithmenos
Elyvilon
Fedhas
Gozag
Hepliaklqana
Kikubaaqudgha
Makhleb
Nemelex Xobeh
Okawaru
Qazlal
Ru
Sif Muna
Trog
Uskayaw
Vehumet
Wu Jian
Xom
Yredelemnul
Zin
The Shining One
Beogh

Shops:
D:9 *


Innate Abilities, Weirdness & Mutations

You have a pair of horns on your head.
You reflexively headbutt those who attack you in melee.


Message History

The sixfirhy is no longer distracted by gold.
Found a flail.
Found a stone staircase leading down.
Blink to where?
Press: ? - help, Dir - move target
Okay, then.
As you read the scroll of fog, it dissolves into smoke.
The sixfirhy misses you. x2; You furiously retaliate!
You headbutt the sixfirhy! The sixfirhy hits you.
* * * LOW HITPOINT WARNING * * *
The sixfirhy shocks you!
* * * LOW HITPOINT WARNING * * *
You block the sixfirhy's attack.
Blink to where?
Press: ? - help, Dir - move target You can't see that place. [the floor.]
Okay, then.
The sixfirhy misses you. The sixfirhy attacks as it pursues you!
The sixfirhy hits you but does no damage.
The sixfirhy hits you.
* * * LOW HITPOINT WARNING * * *
The sixfirhy shocks you!
* * * LOW HITPOINT WARNING * * *
You block the sixfirhy's attack.
The sixfirhy hits you but does no damage.
Okay, then.
Blink to where?
Press: ? - help, Dir - move target
Found a scroll of vulnerability.
As you read the scroll of blinking, it crumbles to dust.
You block the sixfirhy's attack.
Clouds condense from the air!
The condenser dries out!
The sixfirhy hits you.
* * * LOW HITPOINT WARNING * * *
The sixfirhy shocks you!
* * * LOW HITPOINT WARNING * * *
The sixfirhy hits you but does no damage.
The sixfirhy hits you.
You die...
Your body crumbles into a pile of gold.

,,,,,,,,,~*~,,,,,,,,,,,~#.....§§§
,ß,,,ß,,~~*~~,,ß,,,ß,,~~#.)..§§§§
,,,,,,,~~~*~~~,,,,,,,~~~#....§§§§
~,,,,,~~~~*~~~~,,,,,~~~~#..).####
~~,,,~~~~~*~~~~~,,,~~~~~#....#,..
~~~,~~~~~~*~~~~~~,~~~~~~#....#.$.
*********################....#...
,,,,,,,,,.......§.§..........#..♣
,,,**********#..@3§..........#..$
,,,* #..§.#####'##...#... ,,,*
#....#,,,...#...#..P ,,,*
#....#,,,,..'?,,*... ,,,*
#....#,,,,..#..,*#'#
,,,**********#....#****###.....,,
,,,,,,,,,,,,,......,,,,,,,,...,,,
,,**********##.....,,,,,,,,,..,,,
,,* *,,,,,,,,,,,,,,,,,,,


You could see a sixfirhy.

Vanquished Creatures
  2 boulder beetles (D:12)
  3 centaur warriors
  2 two-headed ogres
  A sixfirhy (D:13)
  A deep elf pyromancer (D:9)
  An orc knight (D:12)
  2 ugly things
  4 cyclopes
  A manticore (D:12)
  An unseen horror zombie (D:8)
  2 red devils (D:13)
  2 komodo dragons (D:11)
  A hornet (D:9)
  2 trolls
  A jumping spider (shapeshifter) (D:9)
  A slime creature (D:9)
  A vampire (D:10)
  A shadow (D:9)
  12 yaks
  2 wraiths
  Sigmund (D:4)
  2 wyverns (D:9)
  2 chaos spawn (D:13)
  3 acid dragons
  Duvessa (D:5)
  A water moccasin (D:6)
  An ice beast (D:6)
  15 orc warriors
  2 sky beasts (D:6)
  A sky beast (shapeshifter) (D:13)
  A black bear (D:5)
  An ogre (D:6)
  2 wolves (D:11)
  8 centaurs
  7 bullfrogs
  3 kobold brigands
  2 elf zombies (Ossuary)
  2 scorpions
  10 wights
  Dowan (D:5)
  6 killer bees
  6 howler monkeys
  4 centaur zombies
  A hound (D:4)
  3 human zombies (Ossuary)
  8 orc priests
  2 jellies
  A spectral scorpion (Ossuary)
  An iguana (D:5)
  11 orc wizards
  A killer bee zombie (D:8)
  A bullfrog simulacrum (Ossuary)
  2 spectral hounds (Ossuary)
  2 crocodile zombies (Ossuary)
  2 mummies (Ossuary)
  A howler monkey zombie (D:8)
  Robin (D:2)
  6 gnolls
  11 adders
  A hound simulacrum (Ossuary)
  A shadow imp (D:6)
  2 ufetubi (D:6)
  3 spectral adders (Ossuary)
  4 ribbon worms
  2 spectral gnolls (Ossuary)
  5 adder simulacra (Ossuary)
  A dart slug (D:4)
  38 orcs
  11 ball pythons
  3 bats
  5 endoplasms
  2 giant cockroaches
  13 goblins
  13 hobgoblins
  2 jackals (D:1)
  10 kobolds
  4 quokkas
  10 frilled lizards
  2 gnoll simulacra (Ossuary)
  5 gnoll zombies (Ossuary)
  3 jackal simulacra (Ossuary)
  9 kobold zombies (Ossuary)
  2 orc zombies (Ossuary)
  5 rats
  3 spectral jackals (Ossuary)
338 creatures vanquished.

Notes
Turn   | Place    | Note
-------+----------+-------------------------------------------
     0 | D:1      | Fodor the Minotaur Fighter began the quest for the Orb.
     0 | D:1      | Reached XP level 1. HP: 19/19 MP: 0/0
   136 | D:1      | Reached XP level 2. HP: 27/27 MP: 1/1
  1286 | D:2      | Reached XP level 3. HP: 27/33 MP: 2/2
  1473 | D:2      | Reached skill level 3 in Axes
  1612 | D:2      | Noticed Robin
  1621 | D:2      | Reached XP level 4. HP: 32/40 MP: 3/3
  1634 | D:2      | Killed Robin
  2123 | D:3      | Reached skill level 1 in Dodging
  2126 | D:3      | Reached skill level 4 in Axes
  2131 | D:3      | Reached XP level 5. HP: 11/47 MP: 4/4
  2809 | D:4      | Identified the +1 pair of gloves "Doqy" {Regen+ Int+4 Dex+3
                  | Stlth+}
  2832 | D:4      | Reached skill level 5 in Axes
  2845 | D:4      | Noticed Sigmund
  2859 | D:4      | Killed Sigmund
  2860 | D:4      | Reached skill level 6 in Axes
  2860 | D:4      | Reached skill level 5 in Shields
  2860 | D:4      | Reached XP level 6. HP: 44/53 MP: 5/5
  3082 | D:4      | Reached skill level 5 in Armour
  3117 | D:4      | Reached XP level 7. HP: 41/60 MP: 6/6
  3274 | D:4      | Found a shimmering altar of Xom.
  3503 | D:5      | Entered Level 5 of the Dungeon
  3528 | D:5      | Found a stormy altar of Qazlal.
  3545 | D:5      | Noticed Dowan
  3546 | D:5      | Noticed Duvessa
  3555 | D:5      | Killed Dowan
  3564 | D:5      | Killed Duvessa
  3679 | D:5      | Reached skill level 7 in Axes
  3755 | D:5      | Reached skill level 5 in Fighting
  3852 | D:5      | Found a white marble altar of Elyvilon.
  4139 | D:6      | Reached XP level 8. HP: 68/68 MP: 7/7
  4186 | D:6      | Reached skill level 1 in Ranged Weapons
  4267 | D:6      | Reached skill level 8 in Axes
  4509 | D:6      | Reached skill level 9 in Axes
  4509 | D:6      | Reached XP level 9. HP: 77/77 MP: 8/8
  4520 | D:6      | Found the +5 robe of Misfortune {Harm *Corrode *Slow EV+5}
  5029 | D:7      | Noticed a two-headed ogre
  5050 | D:7      | Killed a two-headed ogre
  5294 | D:7      | Found a staircase to the Ecumenical Temple.
  5329 | D:7      | Found a sand-covered staircase.
  5338 | Ossuary  | Entered an ossuary
  5472 | Ossuary  | Reached skill level 10 in Axes
  5949 | Temple   | Entered the Ecumenical Temple
  5964 | Temple   | Became a worshipper of Gozag Ym Sagoz the Greedy
  6217 | D:8      | Reached skill level 11 in Axes
  6406 | D:8      | Reached XP level 10. HP: 71/86 MP: 9/9
  6428 | D:8      | Reached skill level 5 in Ranged Weapons
  6435 | D:8      | Reached skill level 1 in Stealth
  7208 | D:9      | Reached skill level 12 in Axes
  7372 | D:9      | Noticed a two-headed ogre
  7383 | D:9      | Killed a two-headed ogre
  7604 | D:9      | Reached skill level 13 in Axes
  7725 | D:9      | Found a blossoming altar of Fedhas.
  7726 | D:9      | Found an ancient bone altar of Kikubaaqudgha.
  7827 | D:9      | Found Ommeutt's Changing Room.
  7847 | D:9      | Bought a wand of polymorph (1) for 19 gold pieces
  7847 | D:9      | Bought a potion of mutation for 112 gold pieces
  7847 | D:9      | Bought a potion of lignification for 42 gold pieces
  7899 | D:9      | Reached XP level 11. HP: 95/97 MP: 10/10
  7901 | D:9      | Noticed a deep elf pyromancer
  7925 | D:9      | Reached skill level 1 in Maces & Flails
  7934 | D:9      | Paralysed by a hornet for 1 turns
  7936 | D:9      | HP: 3/97 [fire elemental[a deep elf pyromancer] (8)]
  7948 | D:9      | Paralysed by a hornet for 1 turns
  7973 | D:9      | Killed a deep elf pyromancer
  8240 | D:9      | Found a hide-covered altar of Uskayaw.
  8312 | D:10     | Entered Level 10 of the Dungeon
  8389 | D:10     | Found an ornate altar of the Wu Jian Council.
  8503 | D:10     | Identified the +11 rapier "Ifudghog" {drain, ^Contam +Blink
                  | rPois rC+ Int+2}
  8585 | D:10     | Found a shimmering blue altar of Sif Muna.
  8602 | D:10     | Reached skill level 10 in Armour
  8818 | D:10     | Noticed a centaur warrior
  8827 | D:10     | Killed a centaur warrior
  9219 | D:11     | Found a staircase to the Lair.
  9227 | D:11     | Reached skill level 1 in Evocations
  9520 | D:11     | Reached skill level 10 in Fighting
  9820 | D:12     | Noticed a green ugly thing
  9825 | D:12     | Killed a green ugly thing
  9872 | D:12     | Noticed a boulder beetle
  9879 | D:12     | Killed a boulder beetle
  9880 | D:12     | Reached skill level 5 in Maces & Flails
  9915 | D:12     | Noticed a boulder beetle
  9939 | D:12     | Killed a boulder beetle
 10240 | D:12     | Reached XP level 12. HP: 107/107 MP: 11/11
 10547 | D:12     | Found a roughly hewn altar of Beogh.
 10599 | D:12     | Found a staircase to the Orcish Mines.
 10933 | D:13     | Noticed a centaur warrior
 10946 | D:13     | Killed a centaur warrior
 11071 | D:13     | Noticed a centaur warrior
 11080 | D:13     | Killed a centaur warrior
 11252 | D:13     | Noticed an ice dragon
 11255 | D:13     | Noticed an ettin
 11399 | D:13     | HP: 1/108 [sixfirhy (12)]
 11399 | D:13     | Slain by a sixfirhy

Illustrated notes

Levels and vault maps discovered:
D:1:      minmay_arrival_radiant_lines, layout_loops_ring
D:2:      layout_basic, uniq_robin
D:3:      minmay_octagon_keep, layout_basic, serial_forest,
          infiniplex_forest_lined_room_, infiniplex_forest_lined_room_2,
          infiniplex_forest_clump_diagonal, infiniplex_forest_straight_2
D:4:      layout_cave_pools, regret_index_xom_buried_treasure, uniq_sigmund
D:5:      layout_cave_pools, nicolae_qazlal_scattered_showers, elyvilon_altar_1,
          uniq_duvessa
D:6:      layout_loops_ring
D:7:      layout_layer_cave, minmay_temple_entry_proselytizer,
          mainiacjoe_ossuary_entry_dusty_tomb
D:8:      layout_basic, serial_undead, serial_undead_f, serial_undead_c,
          serial_undead_a, serial_undead_d
D:9:      minmay_quarter_circles, layout_basic, kennysheep_little_box,
          grunt_temple_overflow_growth_and_decay, nicolae_transmutations_shop,
          kennysheep_generic_room_6
D:10:     layout_basic, kennysheep_orc_sif_temple, nicolae_wu_jian_wuxing_cycle
D:11:     nicolae_cairo_tiling_large, layout_rooms, erik_lair_orcish_takeover,
          nicolae_elevator_lobby_asterisk
D:12:     layout_loops_corners, david_orc_5
D:13:     kennysheep_four_of_diamonds, layout_irregular_city, david_vaults_4,
          serial_demonic, serial_demonic_a, serial_demonic_c, serial_demonic_d,
          serial_demonic_f, serial_demonic_d
Temple:   compressed_dpeg_circular_temple

Skill      XL: |  1  2  3  4  5  6  7  8  9 10 11 12 |
---------------+-------------------------------------+-----
Shields        | 4 5 6 7 |  7.4
Fighting       | 4 5 6 7 9 10 | 10.9
Armour         | 4 5 6 7 8 9 10 11 | 11.1
Axes           | 3 4 6 7 9 11 13 | 13.1
Dodging        | 1 2 3 |  3.6
Ranged Weapons | 4 6 8 9 |  9.1
Stealth        | 1 2 |  2.1
Maces & Flails | 5 7 |  7.5
Evocations     | 1 |  1.1

Action                     |  1- 3 |  4- 6 |  7- 9 | 10-12 || total
---------------------------+-------+-------+-------+-------++-------
  Melee: War axe           |    79 |   144 |   292 |    95 ||   610
         Headbutt          |     9 |    23 |    63 |    75 ||   170
         Dire flail        |       |       |       |   215 ||   215
         Arbalest          |       |       |       |     2 ||     2
   Fire: Orcbow            |       |       |    52 |    58 ||   110
         Arbalest          |       |       |       |   115 ||   115
  Evoke: Phial of floods   |       |     1 |       |     2 ||     3
         Condenser vane    |       |       |       |     1 ||     1
    Use: Scroll            |       |       |     5 |    15 ||    20
         Potion            |       |       |     2 |     3 ||     5
   Stab: Distracted        |       |       |       |     2 ||     2
 Armour: Scale mail        |     9 |       |       |       ||     9
         Chain mail        |    74 |   154 |    97 |   125 ||   450
         Plate armour      |       |       |   174 |   280 ||   454
  Dodge: Dodged            |    38 |    49 |   114 |   252 ||   453
  Block: Buckler           |    18 |    76 |    28 |       ||   122
         Reflection        |       |       |     7 |    12 ||    19
         Other             |       |       |    58 |    86 ||   144

Table legend: (Time is in decaauts)
 A = Elapsed time spent in this place.
 B = Non-inter-level travel time spent in this place.
 C = Inter-level travel time spent in this place.
 D = Time resting spent in this place.
 E = Time spent auto-exploring this place.
 F = Levels seen in this place.
 G = Mean time per level.
                   A        B        C        D        E       F      G
               +--------+--------+--------+--------+--------+-----+--------+
         Total |  11659 |  11569 |     90 |    785 |   6747 |  15 |  777.3 |
       Dungeon |  11325 |  11235 |     90 |    785 |   6662 |  13 |  871.2 |
        Temple |     30 |     30 |      0 |      0 |      0 |   1 |   30.0 |
       Ossuary |    303 |    303 |      0 |      0 |     85 |   1 |  303.0 |
               +--------+--------+--------+--------+--------+-----+--------+

Top non-repeatable levels by time:
     D:9: 1171 daAuts
    D:12: 1145 daAuts
     D:1: 1073 daAuts
     D:2: 999 daAuts
     D:8: 990 daAuts
     D:7: 982 daAuts
    D:10: 925 daAuts
     D:6: 891 daAuts
     D:3: 795 daAuts
     D:4: 708 daAuts
    D:11: 625 daAuts
     D:5: 511 daAuts
    D:13: 504 daAuts
 Ossuary: 303 daAuts
  Temple: 30 daAuts
